[Event "FIDE Chesscom Grand Swiss 2019"]
[Site "Douglas-Isle of Man"]
[Date "2019.10.13"]
[Round "4.1"]
[White "Huschenbeth, Niclas"]
[Black "Shankland, Sam"]
[Result "1/2-1/2"]
[ECO "C78"]
[WhiteElo "2624"]
[BlackElo "2705"]
[Annotator "RC"]
[PlyCount "64"]
[EventDate "2019.10.10"]
[EventType "swiss"]
[EventCountry "GBR"]
[SourceTitle "playchess.com"]
[Source "ChessBase"]
[SourceQuality "1"]
[TimeControl "40/6000+30:20/3000+30:900+30"]

1. e4 e5 2. Nf3 Nc6 3. Bb5 a6 4. Ba4 Nf6 5. O-O Bc5 6. c3 b5 7. Bb3 d6 8. a4 Bb7 9. d4 Bb6 10. Re1 O-O 11. Bg5 h6 12. Bh4 exd4 13. cxd4 g5 14. Nxg5 hxg5 15. Bxg5 Nxd4 16. Bd5 Ne6 17. Bh4 Bxd5 18. exd5 Ng7 19. Qf3 Re8 20. Nc3 Rxe1+ 21. Rxe1 Bd4 22. Ne4 Nge8 23. h3 Rb8 24. Nxf6+ Bxf6 25. Rxe8+ Qxe8 26. Bxf6 Qe1+ 27. Kh2 Qb1 28. axb5 axb5 29. Qg4+ Qg6 30. Qh4 Qh7 31. Qg5+ Qg6 32. Qh4 Qh7 1/2-1/2

[Event "FIDE Chesscom Grand Swiss 2019"]
[Site "Douglas-Isle of Man"]
[Date "2019.10.13"]
[Round "4.2"]
[White "Alekseenko, Kirill"]
[Black "Grischuk, Alexander"]
[Result "1/2-1/2"]
[ECO "C54"]
[WhiteElo "2674"]
[BlackElo "2759"]
[Annotator "ChessBase"]
[PlyCount "60"]
[EventDate "2019.10.10"]
[EventType "swiss"]
[EventCountry "GBR"]
[SourceTitle "playchess.com"]
[Source "ChessBase"]
[SourceQuality "1"]
[TimeControl "40/6000+30:20/3000+30:900+30"]

1. e4 e5 2. Nf3 Nc6 3. Bc4 Bc5 4. c3 Nf6 5. d3 d6 6. O-O a6 7. a4 Ba7 8. a5 O-O 9. h3 h6 10. Be3 Bxe3 11. fxe3 Qe7 12. Qb3 Rb8 13. Nbd2 Be6 14. Bxe6 fxe6 15. d4 Kh7 16. Qa2 g5 17. d5 exd5 18. exd5 e4 19. Nxg5+ hxg5 20. dxc6 bxc6 21. Qc4 Rxb2 22. Nxe4 Nxe4 23. Rxf8 d5 24. Qf1 Kg7 25. Qc1 Re2 26. Rf1 Qe5 27. Qa3 Rxg2+ 28. Kxg2 Qg3+ 29. Kh1 Qxh3+ 30. Kg1 Qg3+ 1/2-1/2

[Event "FIDE Chesscom Grand Swiss 2019"]
[Site "Douglas-Isle of Man"]
[Date "2019.10.13"]
[Round "4.3"]
[White "Van Foreest, Jorden"]
[Black "Vallejo Pons, Francisco"]
[Result "1/2-1/2"]
[ECO "C18"]
[WhiteElo "2621"]
[BlackElo "2694"]
[Annotator "RC"]
[PlyCount "55"]
[EventDate "2019.10.10"]
[EventType "swiss"]
[EventCountry "GBR"]
[SourceTitle "playchess.com"]
[Source "ChessBase"]
[SourceQuality "1"]
[TimeControl "40/6000+30:20/3000+30:900+30"]

1. e4 e6 2. d4 d5 3. Nc3 Bb4 4. e5 c5 5. a3 Bxc3+ 6. bxc3 Qa5 7. Bd2 Qa4 8. Qg4 Kf8 9. h4 Ne7 10. h5 h6 11. Qd1 b6 12. Nf3 Ba6 13. dxc5 Bxf1 14. Kxf1 bxc5 15. Rh4 Qc6 16. c4 Nd7 17. Qe2 Rb8 18. a4 Qa6 19. a5 dxc4 20. Rxc4 Nd5 21. Rd1 Rb2 22. Rc1 Ke7 23. Rg4 Qxe2+ 24. Kxe2 Rh7 25. Rc4 Rh8 26. Rg4 Rh7 27. Kd3 Rb8 28. Ke2 1/2-1/2

[Event "FIDE Chesscom Grand Swiss 2019"]
[Site "Douglas-Isle of Man"]
[Date "2019.10.13"]
[Round "4.8"]
[White "Leko, Peter"]
[Black "Nihal Sarin"]
[Result "1-0"]
[ECO "C84"]
[WhiteElo "2670"]
[BlackElo "2610"]
[Annotator "RC"]
[PlyCount "75"]
[EventDate "2019.10.10"]
[EventType "swiss"]
[EventCountry "GBR"]
[SourceTitle "playchess.com"]
[Source "ChessBase"]
[SourceQuality "1"]
[TimeControl "40/6000+30:20/3000+30:900+30"]

1. e4 e5 2. Nf3 Nc6 3. Bb5 a6 4. Ba4 Nf6 5. O-O Be7 6. d3 b5 7. Bb3 d6 8. Bd2 O-O 9. h3 h6 10. Re1 Re8 11. a3 Bf8 12. Nc3 Na5 13. Ba2 Be6 14. Bxe6 Rxe6 15. Nd5 Nb7 16. c4 c6 17. Nxf6+ Rxf6 18. b4 Qd7 19. a4 bxc4 20. dxc4 Re8 21. Bc3 Qc8 22. Qd3 Nd8 23. Bd2 Ne6 24. Rab1 Be7 25. Kh2 Bd8 26. a5 Rg6 27. Ra1 Rf8 28. Be3 Re8 29. b5 Qb7 30. Reb1 Bc7 31. Nh4 Rf6 32. Nf5 cxb5 33. cxb5 Nd4 34. bxa6 Qa8 35. Rb7 Nxf5 36. exf5 e4 37. Qb5 Re5 38. Qd7 1-0

[Event "FIDE Chesscom Grand Swiss 2019"]
[Site "Douglas-Isle of Man"]
[Date "2019.10.13"]
[Round "4.11"]
[White "Motylev, Alexander"]
[Black "Erdos, Viktor"]
[Result "1/2-1/2"]
[ECO "C77"]
[WhiteElo "2651"]
[BlackElo "2604"]
[Annotator "RC"]
[PlyCount "61"]
[EventDate "2019.10.10"]
[EventType "swiss"]
[EventCountry "GBR"]
[SourceTitle "playchess.com"]
[Source "ChessBase"]
[SourceQuality "1"]
[TimeControl "40/6000+30:20/3000+30:900+30"]

1. e4 e5 2. Nf3 Nc6 3. Bb5 a6 4. Ba4 Nf6 5. Nc3 Bc5 6. Bxc6 dxc6 7. d3 Be6 8. Qe2 Qd6 9. Ng5 Bg4 10. f3 Bd7 11. f4 Bg4 12. fxe5 Qxe5 13. Nf3 Qe7 14. Bg5 h6 15. Bh4 O-O-O 16. O-O-O g5 17. Bf2 Nh5 18. h3 Nf4 19. Qf1 Be6 20. Kb1 Kb8 21. Na4 Bxf2 22. Qxf2 f5 23. Rhe1 fxe4 24. Rxe4 Qf6 25. Nc5 Bc8 26. Ne5 Rhf8 27. Rde1 b6 28. Nb3 Bb7 29. g3 Nd5 30. Qe2 c5 31. a3 1/2-1/2

[Event "FIDE Chesscom Grand Swiss 2019"]
[Site "Douglas-Isle of Man"]
[Date "2019.10.13"]
[Round "4.12"]
[White "Chigaev, Maksim"]
[Black "Yilmaz, Mustafa"]
[Result "1/2-1/2"]
[ECO "E32"]
[WhiteElo "2644"]
[BlackElo "2595"]
[Annotator "RC"]
[PlyCount "64"]
[EventDate "2019.10.10"]
[EventType "swiss"]
[EventCountry "GBR"]
[SourceTitle "playchess.com"]
[Source "ChessBase"]
[SourceQuality "1"]
[TimeControl "40/6000+30:20/3000+30:900+30"]

1. d4 Nf6 2. c4 e6 3. Nc3 Bb4 4. Qc2 O-O 5. e4 d5 6. e5 Ne4 7. Bd3 c5 8. Nf3 cxd4 9. Nxd4 Nd7 10. Bf4 Qh4 11. g3 Qh5 12. h4 Nxe5 13. Be2 Ng4 14. Bxg4 Qxg4 15. f3 Qh5 16. g4 Qg6 17. fxe4 e5 18. Bxe5 Bxg4 19. exd5 Rae8 20. Qxg6 fxg6 21. Ne6 Bxe6 22. O-O-O Bg4 23. Rde1 Rc8 24. a3 Bxc3 25. Bxc3 Rxc4 26. Re7 Rf7 27. Rhe1 Bd7 28. d6 Rcf4 29. Re8+ Rf8 30. R8e7 R8f7 31. Re8+ Rf8 32. R8e7 R8f7 1/2-1/2

[Event "FIDE Chesscom Grand Swiss 2019"]
[Site "Douglas-Isle of Man"]
[Date "2019.10.13"]
[Round "4.13"]
[White "Narayanan.S.L"]
[Black "Zvjaginsev, Vadim"]
[Result "1/2-1/2"]
[ECO "C11"]
[WhiteElo "2611"]
[BlackElo "2644"]
[Annotator "RC"]
[PlyCount "99"]
[EventDate "2019.10.10"]
[EventType "swiss"]
[EventCountry "GBR"]
[SourceTitle "playchess.com"]
[Source "ChessBase"]
[SourceQuality "1"]
[TimeControl "40/6000+30:20/3000+30:900+30"]

1. e4 e6 2. d4 d5 3. Nc3 Nf6 4. e5 Nfd7 5. f4 c5 6. Nf3 Nc6 7. Be3 cxd4 8. Nxd4 Bc5 9. Qd2 a6 10. O-O-O Nxd4 11. Bxd4 Qc7 12. h4 b5 13. h5 Bxd4 14. Qxd4 Qc5 15. Rh3 Qxd4 16. Rxd4 Nb8 17. Rg3 Nc6 18. Rd2 O-O 19. Ne2 f6 20. exf6 Rxf6 21. Rc3 Bd7 22. g3 Be8 23. Bg2 Kf8 24. g4 Rd8 25. a3 Rd6 26. Re3 Rf7 27. b3 Re7 28. Ng3 Red7 29. Red3 Ne7 30. Ne4 Rc6 31. Ng5 h6 32. Nf3 Rcd6 33. Re2 Nc6 34. Nh4 Bf7 35. Kb2 Ne7 36. Nf3 Rc7 37. Ne5 Be8 38. Rde3 Bf7 39. Bh3 d4 40. Rd3 Rc3 41. Rxc3 dxc3+ 42. Kxc3 Nd5+ 43. Kb2 Nxf4 44. Rf2 Rd5 45. Rxf4 Rxe5 46. Bf1 Ke7 47. c4 g6 48. cxb5 axb5 49. hxg6 Bxg6 50. a4 1/2-1/2

[Event "FIDE Chesscom Grand Swiss 2019"]
[Site "Douglas-Isle of Man"]
[Date "2019.10.13"]
[Round "4.14"]
[White "Abdusattorov, Nodirbek"]
[Black "Piorun, Kacper"]
[Result "1-0"]
[ECO "B15"]
[WhiteElo "2608"]
[BlackElo "2643"]
[Annotator "RC"]
[PlyCount "99"]
[EventDate "2019.10.10"]
[EventType "swiss"]
[EventCountry "GBR"]
[SourceTitle "playchess.com"]
[Source "ChessBase"]
[SourceQuality "1"]
[TimeControl "40/6000+30:20/3000+30:900+30"]

1. e4 c6 2. d4 d5 3. Nc3 dxe4 4. Nxe4 Nf6 5. Nxf6+ exf6 6. Bc4 Bd6 7. Qe2+ Qe7 8. Qxe7+ Kxe7 9. Ne2 Be6 10. Bd3 Nd7 11. Bf4 Rhe8 12. O-O-O Nb6 13. Rhe1 Nd5 14. Bxd6+ Kxd6 15. Be4 h6 16. b3 b5 17. Bxd5 Bxd5 18. f3 f5 19. Kd2 c5 20. dxc5+ Kxc5 21. Nf4 g5 22. Nxd5 Kxd5 23. Re3 Rxe3 24. Kxe3+ Kc6 25. Rd4 f4+ 26. Kd3 a6 27. h4 f5 28. h5 Re8 29. Kd2 Rg8 30. c3 Kc5 31. Rd7 g4 32. Rf7 Rg5 33. fxg4 Rxg4 34. Rxf5+ Kd6 35. Rf6+ Ke5 36. Rg6 Rh4 37. Rxh6 Rh2 38. Rxa6 Rxg2+ 39. Ke1 Ke4 40. h6 Rh2 41. a4 bxa4 42. bxa4 f3 43. Rf6 Ke3 44. Re6+ Kf4 45. a5 Rh1+ 46. Kf2 Rh2+ 47. Kg1 Rg2+ 48. Kf1 Ra2 49. h7 Rh2 50. Re7 1-0

[Event "FIDE Chesscom Grand Swiss 2019"]
[Site "Douglas-Isle of Man"]
[Date "2019.10.13"]
[Round "4.15"]
[White "Puranik, Abhimanyu"]
[Black "Nguyen, Ngoc Truong Son"]
[Result "1/2-1/2"]
[ECO "C42"]
[WhiteElo "2571"]
[BlackElo "2638"]
[Annotator "RC"]
[PlyCount "61"]
[EventDate "2019.10.10"]
[EventType "swiss"]
[EventCountry "GBR"]
[SourceTitle "playchess.com"]
[Source "ChessBase"]
[SourceQuality "1"]
[TimeControl "40/6000+30:20/3000+30:900+30"]

1. e4 e5 2. Nf3 Nf6 3. Nxe5 d6 4. Nf3 Nxe4 5. Nc3 Nxc3 6. dxc3 Be7 7. Be3 Nc6 8. Bd3 Be6 9. Nd4 Nxd4 10. cxd4 Qd7 11. c4 Bf5 12. Be2 O-O 13. O-O c6 14. Re1 Rfe8 15. Bf3 Bf6 16. Qd2 Be4 17. Bxe4 Rxe4 18. f3 Re7 19. Bg5 Bxg5 20. Qxg5 Rae8 21. Kf2 h6 22. Rxe7 Rxe7 23. Qd2 Qf5 24. Re1 Kf8 25. Rxe7 Kxe7 26. g4 Qf6 27. Kg3 Qe6 28. b3 Kd7 29. h4 b6 30. h5 d5 31. Qd3 1/2-1/2

[Event "FIDE Chesscom Grand Swiss 2019"]
[Site "Douglas-Isle of Man"]
[Date "2019.10.13"]
[Round "4.17"]
[White "Sebag, Marie"]
[Black "Abasov, Nijat"]
[Result "0-1"]
[ECO "B15"]
[WhiteElo "2445"]
[BlackElo "2632"]
[Annotator "RC"]
[PlyCount "90"]
[EventDate "2019.10.10"]
[EventType "swiss"]
[EventCountry "GBR"]
[SourceTitle "playchess.com"]
[Source "ChessBase"]
[SourceQuality "1"]
[TimeControl "40/6000+30:20/3000+30:900+30"]

1. e4 g6 2. d4 Bg7 3. Nc3 c6 4. Nf3 d5 5. h3 dxe4 6. Nxe4 Nf6 7. Nxf6+ exf6 8. Bc4 O-O 9. O-O a5 10. a3 Na6 11. Be3 Nc7 12. Qd2 b5 13. Ba2 Be6 14. Bxe6 Nxe6 15. a4 b4 16. c4 bxc3 17. bxc3 Qd5 18. Bh6 Rfd8 19. Bxg7 Kxg7 20. Rfe1 Rab8 21. Qe3 Rb2 22. Re2 Rdb8 23. Rxb2 Rxb2 24. Qc1 Re2 25. c4 Qe4 26. Qc3 h5 27. Re1 Nxd4 28. Rd1 Nxf3+ 29. Qxf3 Qxc4 30. g3 Re6 31. Qa3 c5 32. Rb1 Re2 33. Qf3 Rb2 34. Rd1 Qxa4 35. Rd8 Qa1+ 36. Kg2 Qe1 37. Rd6 f5 38. Rd1 Rxf2+ 39. Qxf2 Qxd1 40. Qxc5 Qa1 41. g4 fxg4 42. hxg4 hxg4 43. Kg3 a4 44. Kxg4 a3 45. Kg5 Qf6+ 0-1

[Event "FIDE Chesscom Grand Swiss 2019"]
[Site "Douglas-Isle of Man"]
[Date "2019.10.13"]
[Round "4.21"]
[White "Sjugirov, Sanan"]
[Black "Henderson de La Fuente, Lance"]
[Result "1-0"]
[ECO "E18"]
[WhiteElo "2662"]
[BlackElo "2494"]
[Annotator "RC"]
[PlyCount "107"]
[EventDate "2019.10.10"]
[EventType "swiss"]
[EventCountry "GBR"]
[SourceTitle "playchess.com"]
[Source "ChessBase"]
[SourceQuality "1"]
[TimeControl "40/6000+30:20/3000+30:900+30"]

1. d4 Nf6 2. c4 e6 3. Nf3 b6 4. g3 Bb7 5. Bg2 Be7 6. O-O O-O 7. Nc3 Ne4 8. Bd2 Bf6 9. Re1 c5 10. d5 Nxc3 11. Bxc3 Bxc3 12. bxc3 exd5 13. cxd5 d6 14. e4 Nd7 15. e5 dxe5 16. Nxe5 Nxe5 17. Rxe5 Re8 18. Qe2 Rxe5 19. Qxe5 Qd7 20. Re1 h6 21. Qe7 Rd8 22. c4 Ba6 23. Qxd7 Rxd7 24. Re8+ Kh7 25. Bh3 Rd6 26. Bf1 Rd7 27. a4 Kg6 28. f4 Kf6 29. g4 g5 30. h4 gxh4 31. Kh2 Bb7 32. Kh3 Bxd5 33. cxd5 Rxd5 34. Re4 Rd1 35. Bc4 Rh1+ 36. Kg2 Ra1 37. Re5 Kg6 38. Bb5 Ra3 39. Kh2 Rg3 40. Be2 Ra3 41. Bb5 Rg3 42. Bd7 Rf3 43. Rf5 f6 44. Be8+ Kg7 45. Bc6 Rg3 46. Rd5 Rxg4 47. f5 c4 48. Rd7+ Kf8 49. Rxa7 Rf4 50. Bb5 Rxf5 51. Bxc4 Rc5 52. Bb5 Rd5 53. Kh3 Rd6 54. Kxh4 1-0

[Event "FIDE Chesscom Grand Swiss 2019"]
[Site "Douglas-Isle of Man"]
[Date "2019.10.13"]
[Round "4.23"]
[White "Stefanova, Antoaneta"]
[Black "Zhang, Zhong"]
[Result "0-1"]
[ECO "D04"]
[WhiteElo "2479"]
[BlackElo "2636"]
[Annotator "RC"]
[PlyCount "112"]
[EventDate "2019.10.10"]
[EventType "swiss"]
[EventCountry "GBR"]
[SourceTitle "playchess.com"]
[Source "ChessBase"]
[SourceQuality "1"]
[TimeControl "40/6000+30:20/3000+30:900+30"]

1. d4 d5 2. Nf3 Nf6 3. e3 c5 4. Nbd2 cxd4 5. exd4 Nc6 6. c3 Qc7 7. Bd3 Bg4 8. Nf1 e6 9. Bg5 Ne4 10. Be3 f5 11. h3 Bh5 12. g4 Bf7 13. Ne5 Bd6 14. f4 O-O 15. h4 Na5 16. Nd2 b5 17. Rc1 Nc4 18. Bxc4 bxc4 19. Nxe4 dxe4 20. Rc2 Rad8 21. O-O Be8 22. Rg2 Bc6 23. gxf5 Rxf5 24. Kh2 Bxe5 25. fxe5 Rf3 26. Bh6 g6 27. h5 Qf7 28. hxg6 hxg6 29. Rfg1 Kh7 30. Qe1 Rf5 31. Qh4 Rh5 32. Qxh5 gxh5 33. Rg7+ Qxg7 34. Bxg7 Rg8 35. Bf6 Rxg1 36. Kxg1 Kg6 37. b3 Bd5 38. bxc4 Bxc4 39. a4 Kf5 40. a5 a6 41. Bh4 Kg4 42. Be1 Kf3 43. Bh4 Ke2 44. Kg2 e3 45. Bg5 Bd5+ 46. Kg1 h4 47. Kh2 Kf2 48. Bxh4+ Kf1 49. Kg3 e2 50. Kf4 e1=Q 51. Bxe1 Kxe1 52. Ke3 Bc4 53. d5 Bxd5 54. Kd4 Kd2 55. c4 Bf3 56. Kc5 Be2 0-1

[Event "FIDE Chesscom Grand Swiss 2019"]
[Site "Douglas-Isle of Man"]
[Date "2019.10.13"]
[Round "4.24"]
[White "Movsziszian, Karen"]
[Black "Jumabayev, Rinat"]
[Result "0-1"]
[ECO "A00"]
[WhiteElo "2475"]
[BlackElo "2630"]
[Annotator "RC"]
[PlyCount "160"]
[EventDate "2019.10.10"]
[EventType "swiss"]
[EventCountry "GBR"]
[SourceTitle "playchess.com"]
[Source "ChessBase"]
[SourceQuality "1"]
[TimeControl "40/6000+30:20/3000+30:900+30"]

1. g3 d5 2. Bg2 e5 3. d3 Bd6 4. e4 d4 5. Nd2 h5 6. Ngf3 Bg4 7. c3 c5 8. Qb3 Bc8 9. Nc4 Nc6 10. cxd4 cxd4 11. Nxd6+ Qxd6 12. O-O Nf6 13. Ng5 Qe7 14. h3 Nd7 15. f4 Nc5 16. Qa3 Ne6 17. Nxe6 Bxe6 18. Qxe7+ Kxe7 19. f5 Bd7 20. Bd2 a5 21. a3 a4 22. Rac1 Ra6 23. Rf2 Rb6 24. Bf1 f6 25. Be1 Be8 26. Rfc2 Bf7 27. Be2 Rb3 28. Rd2 Rb5 29. Bd1 Bb3 30. Bf3 Kf7 31. Rg2 Ke7 32. Kf1 Kd7 33. h4 Bf7 34. Bd1 Bb3 35. Bf3 Ke7 36. Kg1 Bf7 37. Bd1 Bb3 38. Bf3 Rh7 39. Kf1 Kd6 40. Kg1 Kd7 41. Kf1 b6 42. Bd2 Kd6 43. Rf2 Rh8 44. Be1 Rc5 45. Bd2 Rxc1+ 46. Bxc1 Nb8 47. Bd2 Na6 48. Be1 Kd7 49. Rd2 Nc5 50. Be2 Kc6 51. Kg2 Kb7 52. Bf1 Ba2 53. Be2 Bb1 54. Rd1 Bc2 55. Rd2 Bb3 56. Kg1 b5 57. Bf1 Rc8 58. Be2 Rh8 59. Kg2 Kb6 60. Bf1 Na6 61. Be2 b4 62. Bf3 Rc8 63. Bxh5 Rc1 64. Kf2 bxa3 65. bxa3 Ra1 66. Be8 Rxa3 67. Rb2 Nc5 68. Ke2 Ra1 69. Bb4 Rg1 70. Bxc5+ Kxc5 71. Kf2 Rh1 72. Kg2 Rd1 73. Bxa4 Bxa4 74. Rb7 Rxd3 75. Rxg7 Bc6 76. g4 Bxe4+ 77. Kh2 Rd2+ 78. Kg3 d3 79. h5 Rg2+ 80. Kh3 d2 0-1

[Event "FIDE Chesscom Grand Swiss 2019"]
[Site "Douglas-Isle of Man"]
[Date "2019.10.13"]
[Round "4.25"]
[White "Alekseev, Evgeny"]
[Black "Erenberg, Ariel"]
[Result "1/2-1/2"]
[ECO "D32"]
[WhiteElo "2629"]
[BlackElo "2463"]
[Annotator "RC"]
[PlyCount "68"]
[EventDate "2019.10.10"]
[EventType "swiss"]
[EventCountry "GBR"]
[SourceTitle "playchess.com"]
[Source "ChessBase"]
[SourceQuality "1"]
[TimeControl "40/6000+30:20/3000+30:900+30"]

1. Nf3 Nf6 2. c4 e6 3. Nc3 d5 4. e3 c5 5. cxd5 exd5 6. d4 Nc6 7. Bb5 cxd4 8. Nxd4 Bd7 9. O-O Bd6 10. Nf3 Bg4 11. h3 Bh5 12. Be2 O-O 13. b3 a6 14. Bb2 Re8 15. Rc1 Bc7 16. Ba3 Rc8 17. Nd4 Nxd4 18. Bxh5 Ne6 19. Bg4 Nxg4 20. Qxg4 Be5 21. Na4 Rxc1 22. Rxc1 d4 23. Rd1 Qa5 24. Qe4 dxe3 25. Qxe3 h5 26. Qb6 Qb5 27. Qxb5 axb5 28. Nc5 Ra8 29. Nxe6 fxe6 30. Bc5 Rxa2 31. g3 Ra1 32. Rxa1 Bxa1 33. Kg2 e5 34. Kf3 Kf7 1/2-1/2

[Event "FIDE Chesscom Grand Swiss 2019"]
[Site "Douglas-Isle of Man"]
[Date "2019.10.13"]
[Round "4.26"]
[White "Atalik, Ekaterina"]
[Black "Bachmann, Axel"]
[Result "0-1"]
[ECO "A04"]
[WhiteElo "2464"]
[BlackElo "2629"]
[Annotator "RC"]
[PlyCount "38"]
[EventDate "2019.10.10"]
[EventType "swiss"]
[EventCountry "GBR"]
[SourceTitle "playchess.com"]
[Source "ChessBase"]
[SourceQuality "1"]
[TimeControl "40/6000+30:20/3000+30:900+30"]

1. d4 g6 2. Nf3 Bg7 3. g3 c5 4. Bg2 cxd4 5. Nxd4 Nc6 6. Nb3 Nf6 7. Nc3 d6 8. O-O O-O 9. h3 Rb8 10. e4 b5 11. Be3 a6 12. Re1 Bb7 13. Nd5 Nd7 14. Qc1 e6 15. Nc3 Nce5 16. Bh6 Bxh6 17. Qxh6 Qb6 18. Ne2 f5 19. Nf4 Nf7 0-1

[Event "FIDE Chesscom Grand Swiss 2019"]
[Site "Douglas-Isle of Man"]
[Date "2019.10.13"]
[Round "4.27"]
[White "Iturrizaga Bonelli, Eduardo"]
[Black "Saduakassova, Dinara"]
[Result "0-1"]
[ECO "E32"]
[WhiteElo "2629"]
[BlackElo "2481"]
[Annotator "RC"]
[PlyCount "72"]
[EventDate "2019.10.10"]
[EventType "swiss"]
[EventCountry "GBR"]
[SourceTitle "playchess.com"]
[Source "ChessBase"]
[SourceQuality "1"]
[TimeControl "40/6000+30:20/3000+30:900+30"]

1. c4 Nf6 2. Nc3 e6 3. Nf3 Bb4 4. Qc2 O-O 5. g3 d6 6. d4 Re8 7. Bg2 e5 8. dxe5 dxe5 9. O-O h6 10. Rd1 Qe7 11. Bd2 e4 12. Nd4 c5 13. Nb3 Na6 14. Bf4 Bxc3 15. Qxc3 b6 16. Rd2 Bf5 17. Rad1 Nb4 18. a3 Nc6 19. Na1 Rad8 20. Nc2 Rxd2 21. Rxd2 Rd8 22. b4 Rxd2 23. Bxd2 Bg4 24. Bf1 Qe5 25. b5 Nd4 26. Nxd4 cxd4 27. Qb2 Qc5 28. Qb4 Nd7 29. Bg2 Bxe2 30. Bxe4 Qxb4 31. axb4 Bxc4 32. Bc6 Ne5 33. f4 Ng4 34. Kg2 Ne3+ 35. Kf3 Nf1 36. Bc1 d3 0-1

[Event "FIDE Chesscom Grand Swiss 2019"]
[Site "Douglas-Isle of Man"]
[Date "2019.10.13"]
[Round "4.28"]
[White "Lei, Tingjie"]
[Black "Esipenko, Andrey"]
[Result "1/2-1/2"]
[ECO "C54"]
[WhiteElo "2469"]
[BlackElo "2624"]
[Annotator "RC"]
[PlyCount "93"]
[EventDate "2019.10.10"]
[EventType "swiss"]
[EventCountry "GBR"]
[SourceTitle "playchess.com"]
[Source "ChessBase"]
[SourceQuality "1"]
[TimeControl "40/6000+30:20/3000+30:900+30"]

1. e4 e5 2. Nf3 Nc6 3. Bc4 Bc5 4. O-O Nf6 5. d3 d6 6. c3 O-O 7. h3 h6 8. Re1 a5 9. Nbd2 Be6 10. Bb5 Qb8 11. Nf1 Qa7 12. Qe2 a4 13. Bxc6 bxc6 14. Ng3 Qb8 15. Nh4 Qd8 16. Nhf5 Bb6 17. Kh2 Kh7 18. d4 Ng8 19. Rd1 Qe8 20. Ne3 f6 21. Qc2 Kh8 22. d5 cxd5 23. Nxd5 Bxd5 24. Rxd5 Ne7 25. Rd1 Bc5 26. Rb1 c6 27. Qe2 d5 28. b4 axb3 29. axb3 f5 30. exf5 Nxf5 31. Nxf5 Rxf5 32. Be3 Qf8 33. Bxc5 Qxc5 34. f3 Qxc3 35. Rdc1 Qd4 36. Rxc6 e4 37. fxe4 Qe5+ 38. Kg1 dxe4 39. Re1 Ra1 40. Rc8+ Kh7 41. Rxa1 Qxa1+ 42. Kh2 Qe5+ 43. Kg1 Qd4+ 44. Kh1 Qa1+ 45. Kh2 Qe5+ 46. Kg1 Qd4+ 47. Kh1 1/2-1/2

[Event "FIDE Chesscom Grand Swiss 2019"]
[Site "Douglas-Isle of Man"]
[Date "2019.10.13"]
[Round "4.29"]
[White "Sethuraman, S.P."]
[Black "Clarke, Brandon G I"]
[Result "1-0"]
[ECO "B51"]
[WhiteElo "2624"]
[BlackElo "2445"]
[Annotator "RC"]
[PlyCount "67"]
[EventDate "2019.10.10"]
[EventType "swiss"]
[EventCountry "GBR"]
[SourceTitle "playchess.com"]
[Source "ChessBase"]
[SourceQuality "1"]
[TimeControl "40/6000+30:20/3000+30:900+30"]

1. e4 c5 2. Nf3 d6 3. Bb5+ Nd7 4. Ba4 Ngf6 5. O-O a6 6. c4 g6 7. Nc3 Bg7 8. d4 cxd4 9. Nxd4 O-O 10. h3 Nc5 11. Bc2 Ne6 12. Be3 Nxd4 13. Bxd4 Be6 14. Bd3 Nd7 15. Bxg7 Kxg7 16. b3 Qa5 17. Rc1 Rfc8 18. Qd2 f6 19. Qb2 Qe5 20. Kh1 g5 21. Qd2 Nc5 22. Bb1 b5 23. Nd5 bxc4 24. Rxc4 a5 25. Re1 Kf7 26. Bc2 Ra6 27. Bd1 Bd7 28. g3 Bc6 29. Kh2 e6 30. Nc3 g4 31. Bxg4 Qg5 32. f4 Qg8 33. Qxd6 Bd5 34. Bh5+ 1-0

[Event "FIDE Chesscom Grand Swiss 2019"]
[Site "Douglas-Isle of Man"]
[Date "2019.10.13"]
[Round "4.30"]
[White "Paravyan, David"]
[Black "Dreev, Aleksey"]
[Result "0-1"]
[ECO "B40"]
[WhiteElo "2602"]
[BlackElo "2662"]
[Annotator "RC"]
[PlyCount "72"]
[EventDate "2019.10.10"]
[EventType "swiss"]
[EventCountry "GBR"]
[SourceTitle "playchess.com"]
[Source "ChessBase"]
[SourceQuality "1"]
[TimeControl "40/6000+30:20/3000+30:900+30"]

1. e4 c5 2. Nf3 e6 3. Nc3 Nc6 4. h3 Qb6 5. b3 d6 6. Bb2 Nf6 7. Bb5 e5 8. Qe2 a6 9. Bc4 Be7 10. Nd5 Nxd5 11. exd5 Nd4 12. Nxd4 cxd4 13. O-O-O O-O 14. f4 Bf6 15. Rhf1 Bd7 16. Kb1 Rac8 17. Bd3 Bb5 18. Rc1 Qc5 19. Qe4 Bxd3 20. cxd3 Qa5 21. Rxc8 Rxc8 22. Rc1 Rxc1+ 23. Bxc1 g6 24. g3 Kg7 25. a3 h5 26. fxe5 Bxe5 27. g4 hxg4 28. hxg4 Qd8 29. a4 Kh6 30. Bb2 Qf6 31. Qh1+ Kg5 32. Qc1 Kxg4 33. Qc8+ Kf3 34. a5 g5 35. Qh3+ Kf2 36. Kc2 Qf4 0-1

[Event "FIDE Chesscom Grand Swiss 2019"]
[Site "Douglas-Isle of Man"]
[Date "2019.10.13"]
[Round "4.30"]
[White "Cramling, Pia"]
[Black "Vocaturo, Daniele"]
[Result "1/2-1/2"]
[ECO "E92"]
[WhiteElo "2462"]
[BlackElo "2620"]
[Annotator "RC"]
[PlyCount "77"]
[EventDate "2019.10.10"]
[EventType "swiss"]
[EventCountry "GBR"]
[SourceTitle "playchess.com"]
[Source "ChessBase"]
[SourceQuality "1"]
[TimeControl "40/6000+30:20/3000+30:900+30"]

1. d4 Nf6 2. Nf3 g6 3. c4 Bg7 4. Nc3 d6 5. e4 O-O 6. Be2 e5 7. d5 a5 8. Bg5 Na6 9. Nd2 Qe8 10. a3 Bd7 11. b3 Kh8 12. Rb1 Ng8 13. O-O f5 14. exf5 gxf5 15. Bh5 Qb8 16. b4 Nf6 17. Re1 h6 18. Bh4 Nxh5 19. Qxh5 e4 20. Rec1 Be8 21. Qe2 Bg6 22. f4 axb4 23. axb4 c5 24. dxc6 bxc6 25. b5 Nc5 26. bxc6 Qc7 27. Nd5 Qxc6 28. Rb6 Qd7 29. Rcb1 Rf7 30. Bf2 Nd3 31. Be3 Kh7 32. Nb3 Rc8 33. Na5 Qa4 34. Qd2 Qd7 35. h3 Qe6 36. Nc6 Qd7 37. Na5 Qe6 38. Nc6 Qd7 39. Na5 1/2-1/2

[Event "FIDE Chesscom Grand Swiss 2019"]
[Site "Douglas-Isle of Man"]
[Date "2019.10.13"]
[Round "4.31"]
[White "L'Ami, Erwin"]
[Black "Danielian, Elina"]
[Result "1-0"]
[ECO "D26"]
[WhiteElo "2619"]
[BlackElo "2385"]
[Annotator "RC"]
[PlyCount "79"]
[EventDate "2019.10.10"]
[EventType "swiss"]
[EventCountry "GBR"]
[SourceTitle "playchess.com"]
[Source "ChessBase"]
[SourceQuality "1"]
[TimeControl "40/6000+30:20/3000+30:900+30"]

1. Nf3 d5 2. d4 Nf6 3. c4 dxc4 4. e3 e6 5. Bxc4 c5 6. O-O Nc6 7. Nc3 a6 8. Be2 cxd4 9. Nxd4 Bd7 10. Bf3 Qc7 11. Nxc6 Bxc6 12. Bxc6+ Qxc6 13. e4 Nxe4 14. Nxe4 Qxe4 15. Re1 Qf5 16. g4 Qb5 17. a4 Qa5 18. Bf4 Rd8 19. Qf3 Bd6 20. Bxd6 Rxd6 21. Qxb7 O-O 22. b4 Qg5 23. Qg2 Rfd8 24. h3 h5 25. Rab1 hxg4 26. Qxg4 Qd2 27. b5 axb5 28. axb5 e5 29. Qf3 Rg6+ 30. Kf1 Rf6 31. Qe3 Qd5 32. Qe4 Qc5 33. Re2 Rb8 34. Rc2 Qa3 35. Kg2 Rh6 36. Qe3 Qd6 37. Kh2 Qd5 38. Rc5 Qa2 39. Rg1 Qe6 40. Rc6 1-0